 Dungeon Crawl Stone Soup version 0.30-a0-702-gdf48620a09 (webtiles) character file.

Game seed: 16997310496846335539

2310 Newt the Trooper (level 9, 0/69 (72) HPs)
             Began as a Demonspawn Gladiator on Jan 21, 2023.
             Slain by an orc warrior
             ... wielding a +0 glaive
              (13 damage)
             ... on level 6 of the Dungeon.
             The game lasted 00:07:30 (6129 turns).

Newt the Trooper (Demonspawn Gladiator)             Turns: 6129, Time: 00:07:31

HP:   0/69 (72)     AC:  5    Str: 18    XL:     9   Next: 18%
MP:   11/16         EV: 13    Int: 10    God:
Gold: 288           SH:  0    Dex: 15    Spells: 14/18 levels left

rFire   . . .      SeeInvis .    g - +4 war axe
rCold   . . .      Faith    .    (no shield)
rNeg    . . .      Spirit   .    b - +1 leather armour
rPois   .          Reflect  .    (helmet restricted)
rElec   .          Harm     .    C - +0 cloak
rCorr   .          Rampage  .    (no gloves)
Will    .....                    (no boots)
Stlth   ++                       t - amulet of regeneration
HPRegen 1.11/turn                j - ring of fire
MPRegen 0.15/turn                m - ring of ice

@: lightly drained
A: claws 1, hooves 1, horns 1, spiny 2, demonic magic 2
a: no special abilities


You were on level 6 of the Dungeon.
You visited 1 branch of the dungeon, and saw 6 of its levels.
You also visited: Ossuary.

You collected 288 gold pieces.

Inventory:

Hand Weapons
 a - a +0 rapier of protection
 d - a +3 hand axe
 g - a +4 war axe (weapon)
 p - a +2 dagger of pain
Missiles
 e - a javelin
 h - 30 poisoned darts
Armour
 b - a +1 leather armour (worn)
 c - a +0 helmet
 f - an orb of wrath
 C - a +0 cloak (worn)
Jewellery
 j - a ring of fire (left claw)
 m - a ring of ice (right claw)
 o - a ring of fire
 t - an amulet of regeneration (around neck)
 G - a ring of wizardry
Wands
 y - a wand of charming (7)
 F - a wand of mindburst (20)
Scrolls
 i - 2 scrolls of vulnerability
 k - 3 scrolls of enchant armour
 v - a scroll of blinking
 w - 2 scrolls of immolation
 A - a scroll of fear {unknown}
 B - 2 scrolls of teleportation
 D - a scroll of identify
 E - a scroll of torment {unknown}
Potions
 l - 2 potions of might
 n - 4 potions of mutation
 q - 2 potions of degeneration
 s - 2 potions of flight
 u - a potion of berserk rage
 x - 2 potions of attraction
 z - a potion of invisibility {unknown}


   Skills:
 - Level 7.0 Fighting
 - Level 2.6 Short Blades
 - Level 1.7 Throwing
 + Level 4.9 Armour
 - Level 4.0 Dodging
 - Level 2.0 Stealth
 - Level 5.0 Spellcasting
 - Level 5.0 Hexes


You had 14 spell levels left.
You knew the following spells:

 Your Spells              Type           Power      Damage    Failure   Level
a - Slow                  Hex            48%        N/A       3%          1
b - Confusing Touch       Hex            12%        N/A       11%         3

Your spell library contained the following spells:

 Spells                   Type           Power      Damage    Failure   Level
 Apportation              Tloc           4%         N/A       26%         1
 Necrotise                Necr           8%         1d4       26%         1
 Summon Small Mammal      Summ           8%         N/A       26%         1
 Blink                    Tloc           4%         N/A       38%         2
 Lesser Beckoning         Tloc           4%         N/A       38%         2
 Momentum Strike          Conj/Tloc      4%         3d8       38%         2
 Vampiric Draining        Necr           2%         2d6       63%         3
 Leda's Liquefaction      Hex/Erth       3%         N/A       67%         4
 Lee's Rapid Deconstruct  Erth           1%         3d4*      100%        5
 Statue Form              Tmut/Erth      1%         N/A       100%        6


Dungeon Overview and Level Annotations

Branches:
Dungeon (6/15)            Ossuary (visited)
 Temple: D:4-7

Altars:
Sif Muna

Shops:
D:3 (


Innate Abilities, Weirdness & Mutations

You have sharp fingernails.
You have large cloven feet.
You have a pair of small horns on your head.
You are mostly covered in sharp spines.
Spells you cast may paralyse nearby enemies.


Message History

Your claws begin to glow red.
Malevolent energies surge around you.
The orc priest suddenly stops moving!
The orc warrior suddenly stops moving!
The helpless orc priest fails to defend itself.
You hit the orc priest but do no damage.
You kick the orc priest.
The orc priest is lightly wounded.
The helpless orc priest fails to defend itself.
You hit the orc priest but do no damage.
The orc priest appears confused.
You kick the orc priest, but do no damage.
The orc priest is lightly wounded.
The orc warrior is no longer paralysed.
The orc priest is no longer paralysed.
The orc priest closely misses you. The orc warrior barely misses you.
You barely miss the orc priest. Your headbutt misses the orc priest.
The orc priest is lightly wounded.
The orc warrior barely misses you. The orc priest hits you with a +0 club.
The orc priest hits itself with a +0 club.
The orc warrior hits you from afar with a +0 glaive!
* * * LOW HITPOINT WARNING * * *
Casting: Confusing Touch (dangerous; 11% risk of failure)
Press: ? - help, Q - select action, (/) - cycle Dir - look around, f - activate Your claws begin to glow red.
Malevolent energies surge around you.
The orc priest suddenly stops moving!
The orc warrior barely misses you.
The helpless orc priest fails to defend itself.
You hit the orc priest but do no damage.
The orc priest appears confused.
You kick the orc priest, but do no damage.
You claw the orc priest, but do no damage.
The orc priest is moderately wounded.
The orc warrior hits you from afar with a +0 glaive.
* * * LOW HITPOINT WARNING * * *
The helpless orc priest fails to defend itself.
You hit the orc priest. You headbutt the orc priest.
The orc priest is severely wounded.
The orc priest is no longer paralysed.
The orc priest hits you with a +0 club.
* * * LOW HITPOINT WARNING * * *
The orc warrior hits you from afar with a +0 glaive!
You die...

#......# #......####
#....[..... #......#
#..))..# #......#
###### ####....!.#
#....#
##.....o.######....#
.......@))....#....#
##.....#...........#
...[.o.#......#....#
##.....#))....#....#
#.................#####
#.....########.........
#..... #....#### ......
##.### # # .... #.#
....


You could see an orc warrior and an orc priest (confused).

Vanquished Creatures
  Pikel (D:6)
  Sigmund (D:2)
  An ogre (D:4)
  A centaur (D:5)
  4 lemures (D:6)
  4 scorpions
  3 water moccasin zombies (Ossuary)
  10 wights
  2 hounds (D:5)
  A human zombie (Ossuary)
  2 bullfrog zombies (Ossuary)
  A jelly (D:6)
  2 iguanas (D:5)
  2 orc wizards
  2 scorpion zombies (Ossuary)
  4 ogre zombies (Ossuary)
  8 adders
  3 gnolls (D:3)
  A river rat (D:5)
  A shadow imp (D:5)
  2 white imps (D:6)
  A worm zombie (D:4)
  4 adder zombies (Ossuary)
  4 worms
  15 orcs
  6 ball pythons
  4 bats
  6 endoplasms
  2 giant cockroaches (D:5)
  4 gnoll zombies (Ossuary)
  5 goblins
  5 hobgoblins
  4 quokkas
  2 frilled lizards (D:1)
  A goblin zombie (Ossuary)
  6 hobgoblin zombies
  9 kobolds
  3 orc zombies (Ossuary)
  5 rats
142 creatures vanquished.

Notes
Turn   | Place    | Note
-------+----------+-------------------------------------------
     0 | D:1      | Newt the Demonspawn Gladiator began the quest for the Orb.
     0 | D:1      | Reached XP level 1. HP: 16/16 MP: 1/1
   138 | D:1      | Reached skill level 1 in Stealth
   164 | D:1      | Discovered your monstrous ancestry.
   164 | D:1      | Gained mutation: You have sharp fingernails. [demonic
                  | ancestry]
   164 | D:1      | Reached XP level 2. HP: 19/22 MP: 2/2
  1097 | D:2      | Gained mutation: Spells you cast may paralyse adjacent
                  | enemies. [demonic ancestry]
  1097 | D:2      | Reached XP level 3. HP: 26/28 MP: 3/3
  1292 | D:2      | Reached skill level 3 in Fighting
  1566 | D:2      | Noticed Sigmund
  1583 | D:2      | Killed Sigmund
  1584 | D:2      | Reached skill level 4 in Fighting
  1584 | D:2      | Reached skill level 1 in Spellcasting
  1584 | D:2      | Gained mutation: You are partially covered in sharp spines.
                  | [demonic ancestry]
  1584 | D:2      | Reached XP level 4. HP: 9/37 MP: 3/5
  1584 | D:2      | Gained mutation: You have a pair of small horns on your
                  | head. [demonic ancestry]
  1584 | D:2      | Reached XP level 5. HP: 10/42 MP: 3/6
  2620 | D:3      | Reached XP level 6. HP: 38/48 MP: 9/9
  3026 | D:3      | Found Rasoxt's Weapon Boutique.
  3082 | D:3      | Found a shimmering blue altar of Sif Muna.
  3277 | D:4      | Found a sand-covered staircase.
  3295 | Ossuary  | Entered an ossuary
  3643 | Ossuary  | Gained mutation: You are mostly covered in sharp spines.
                  | [demonic ancestry]
  3643 | Ossuary  | Reached XP level 7. HP: 53/54 MP: 13/13
  3686 | Ossuary  | Reached skill level 5 in Spellcasting
  3729 | Ossuary  | Reached skill level 5 in Fighting
  3789 | Ossuary  | Reached skill level 6 in Fighting
  4005 | Ossuary  | Noticed a silent spectre
  4179 | D:4      | Gained mutation: Spells you cast may paralyse nearby
                  | enemies. [demonic ancestry]
  4179 | D:4      | Reached XP level 8. HP: 65/65 MP: 15/15
  4205 | D:4      | Learned a level 1 spell: Slow
  4402 | D:4      | Reached skill level 7 in Fighting
  4405 | D:4      | Reached skill level 1 in Hexes
  4408 | D:4      | HP: 2/67 [wight/+0 morningstar (13)]
  4431 | D:5      | Entered Level 5 of the Dungeon
  5751 | D:5      | Reached skill level 5 in Hexes
  5752 | D:5      | Reached skill level 1 in Armour
  5985 | D:5      | Learned a level 3 spell: Confusing Touch
  6022 | D:6      | Noticed Pikel
  6039 | D:6      | Killed Pikel
  6040 | D:6      | Gained mutation: You have large cloven feet. [demonic
                  | ancestry]
  6040 | D:6      | Reached XP level 9. HP: 36/72 MP: 10/16
  6129 | D:6      | Slain by an orc warrior

Illustrated notes

Levels and vault maps discovered:
D:1:      dpeg_arrival_shelter, layout_rooms, minmay_misc_feat_x
D:2:      layout_loops_corners, kennysheep_generic_room_7, uniq_sigmund
D:3:      layout_loops_ring, led_sif_pool, serial_shops, nicolae_shop_crystal
D:4:      kennysheep_spiral_hall, layout_cave_pods, enter_ossuary_3
D:5:      layout_basic, gup_sewer_entry_bubbles
D:6:      lemuel_slime, layout_rooms, temple_doors_cd,
          kennysheep_generic_room_13, uniq_pikel, uniq_grinder, uniq_eustachio

Skill      XL: |  1  2  3  4  5  6  7  8 |
---------------+-------------------------+-----
Stealth        | 1 2 |  2.0
Fighting       | 4 6 7 |  7.0
Dodging        | 4 |  4.0
Spellcasting   | 1 2 4 5 |  5.0
Hexes          | 5 |  5.0
Armour         | 4 |  4.9
Short Blades   | |  2.6
Throwing       | |  1.7

Action                   |  1- 3 |  4- 6 |  7- 9 || total
-------------------------+-------+-------+-------++-------
Melee: Rapier            |   122 |   100 |    67 ||   289
       Punch             |     2 |     2 |     3 ||     7
       Headbutt          |       |    18 |    24 ||    42
       Hand axe          |       |       |    51 ||    51
       War axe           |       |       |    28 ||    28
       Kick              |       |       |     4 ||     4
Throw: Dart              |     3 |     7 |       ||    10
       Throwing net      |     3 |     1 |       ||     4
       Javelin           |       |     1 |       ||     1
 Cast: Slow              |       |       |     4 ||     4
       Confusing Touch   |       |       |     3 ||     3
  Use: Scroll            |     6 |     7 |     7 ||    20
       Potion            |       |       |     2 ||     2
 Stab: Held in net/web   |     2 |       |       ||     2
       Sleeping          |       |     2 |     1 ||     3
       Paralysed         |       |       |    28 ||    28
Armor: Leather armour    |    43 |    28 |    49 ||   120
Dodge: Dodged            |    82 |    52 |   134 ||   268

Table legend: (Time is in decaauts)
 A = Elapsed time spent in this place.
 B = Non-inter-level travel time spent in this place.
 C = Inter-level travel time spent in this place.
 D = Time resting spent in this place.
 E = Time spent auto-exploring this place.
 F = Levels seen in this place.
 G = Mean time per level.
                   A        B        C        D        E       F      G
               +--------+--------+--------+--------+--------+-----+--------+
         Total |   6204 |   6000 |    204 |   1282 |   3683 |   7 |  886.3 |
       Dungeon |   5391 |   5187 |    204 |    799 |   3517 |   6 |  898.5 |
       Ossuary |    813 |    813 |      0 |    483 |    166 |   1 |  813.0 |
               +--------+--------+--------+--------+--------+-----+--------+

Top non-repeatable levels by time:
     D:2: 1393 daAuts
     D:4: 1171 daAuts
     D:5: 975 daAuts
     D:3: 903 daAuts
     D:1: 824 daAuts
 Ossuary: 813 daAuts
     D:6: 123 daAuts
